 Dungeon Crawl Stone Soup version 0.21-a0-632-g1e37ce5 (webtiles) character file.

256 shenanigans the Skirmisher (level 6, -5/48 HPs)
             Began as a Barachi Skald on Dec 27, 2017.
             Was an Initiate of Cheibriados.
             Slain by Grinder (6 damage)
             ... while paralysed by Grinder
             ... on level 3 of the Dungeon.
             The game lasted 00:09:33 (2980 turns).

shenanigans the Skirmisher (Barachi Skald)          Turns: 2980, Time: 00:09:34

Health: -5/48      AC:  9    Str: 13    XL:     6   Next: 15%
Magic:  9/9        EV:  2    Int: 16    God:    Cheibriados [......]
Gold:   134        SH:  0    Dex: 13    Spells: 8/9 levels left

rFire    + . .     SeeInvis .   o - +2 hand axe (chop)
rCold    + . .     Gourm    .   (no shield)
rNeg     . . .     Faith    .   b - +1 leather armour
rPois    .         Spirit   .   j - +2 hat
rElec    .         Reflect  .   g - scarf {rC+ rF+}
rCorr    .         Harm     .   (no gloves)
MR       .....                  (no boots)
Stlth    +.........             (no amulet)
HPRegen  0.16/turn              l - +3 ring of protection
MPRegen  0.11/turn              (no ring)

@: paralysed, very slow
A: +LOS, swims, slowness 1, strong legs 1
a: Hop, Bend Time, Renounce Religion


You were on level 3 of the Dungeon.
You worshipped Cheibriados.
Cheibriados was noncommittal.
You were not hungry.

You visited 1 branch of the dungeon, and saw 4 of its levels.

You collected 134 gold pieces.

Inventory:

Hand Weapons
 a - a +0 hand axe
 o - a +2 hand axe of chopping (weapon)
Armour
 b - a +1 leather armour (worn)
 g - a scarf of resistance (worn)
 j - a +2 hat (worn)
Jewellery
 l - a +3 ring of protection (left hand)
Wands
 f - a wand of digging (17)
Scrolls
 h - a scroll of remove curse
 m - 5 scrolls of identify
 n - a scroll of enchant armour
Potions
 e - a potion of haste
 i - 2 potions of brilliance
Books
 c - a book of Battle

   Spells                             Type                      Level
   a - Infusion                       Charms                       1
   b - Shroud of Golubria             Charms/Translocation         2
   c - Song of Slaying                Charms                       2
   d - Spectral Weapon                Hexes/Charms                 3
   e - Regeneration                   Charms/Necromancy            3
 s - a book of Misfortune

   Spells                             Type                      Level
   a - Confusing Touch                Hexes                        1
   b - Confuse                        Hexes                        3
   c - Gell's Gravitas                Translocation                3
   d - Petrify                        Transmutation/Earth          4
   e - Metabolic Englaciation         Hexes/Ice                    5
   f - Yara's Violent Unravelling     Hexes/Transmutation          5
Comestibles
 d - 3 rations


   Skills:
 + Level 4.2 Fighting
 + Level 3.8 Axes
 + Level 3.6 Armour
 + Level 3.7 Dodging
 - Level 2.1 Spellcasting
 - Level 3.2 Charms
 + Level 0.8 Invocations


You had 8 spell levels left.
You knew the following spells:

 Your Spells              Type           Power        Failure   Level  Hunger
a - Infusion              Chrm           ##..         6%          1    #......


Dungeon Overview and Level Annotations

Branches:
Dungeon (4/15)
 Temple: D:4-7

Altars:
Cheibriados
Dithmenos

Annotations:
D:3 Grinder
D:4 Pikel


Innate Abilities, Weirdness & Mutations

Shadows flee at your approach. (+LOS)
You can swim through water.
You cover ground slowly.
You can hop short distances.


Message History

You see here a potion of heal wounds.
k - a potion of heal wounds You eat one of the 4 rations.
That ration really hit the spot!
Grinder blinks!
Grinder gestures at you. You resist with significant effort.
You see here a scroll of identify.
You feel much better.
Grinder blinks!
Grinder says, "DUCK!"
Grinder gestures at you.
You suddenly lose the ability to move!
Grinder gestures at you. Pain shoots through your body!
Grinder gestures at you. Pain shoots through your body!
* * * LOW HITPOINT WARNING * * *
Grinder hits you but does no damage. x2
Grinder hits you.
* * * LOW HITPOINT WARNING * * *
You writhe in agony.
You die...

###### ###########.# .....#
#...........#
.###'###...........# ###
.#.....#.......$..)# .$
('..<..#.......?...# .#
.#.....#...........###.###..
##.....#....................#
+......#...............##...#
###....#.?......@.#.....#...#
.......#........5....#......
...#.#########....##.#..##..#
...#.# #..#.#.........#
.###'#########..........#...#
.............#..............#
........####.##........##.#$#
..............)...........#
.........#..##(.......###.#


You could see Grinder.

Vanquished Creatures
  A slave (D:4)
  A howler monkey (D:4)
  Jessica (D:3)
  Ijyb (D:3)
  2 orc wizards (D:4)
  A worker ant (D:4)
  4 adders
  An ooze (D:1)
  A worm (D:4)
  2 dart slugs
  3 leopard geckos
  2 orcs (D:4)
  A giant cockroach (D:2)
  16 goblins
  10 hobgoblins
  3 jackals (D:1)
  A quokka (D:4)
  A ball python (D:3)
  9 bats
  4 frilled lizards
  A kobold (D:2)
  5 rats
71 creatures vanquished.

Notes
Turn   | Place    | Note
-------+----------+-------------------------------------------
     0 | D:1      | shenanigans the Barachi Skald began the quest for the Orb.
     0 | D:1      | Reached XP level 1. HP: 17/17 MP: 3/3
   298 | D:1      | Reached XP level 2. HP: 18/23 MP: 5/5
   557 | D:1      | Reached XP level 3. HP: 25/28 MP: 6/6
   568 | D:1      | Reached skill level 3 in Fighting
  1297 | D:2      | Reached XP level 4. HP: 27/35 MP: 7/7
  1453 | D:2      | Found a shadowy altar of Dithmenos.
  2031 | D:3      | Found a faded altar of an unknown god.
  2040 | D:3      | Noticed Jessica
  2047 | D:3      | Killed Jessica
  2069 | D:3      | Reached XP level 5. HP: 23/42 MP: 1/8
  2274 | D:3      | Noticed Grinder
  2439 | D:4      | Found a snail-covered altar of Cheibriados.
  2457 | D:4      | Became a worshipper of Cheibriados the Contemplative
  2511 | D:4      | Reached skill level 4 in Fighting
  2540 | D:4      | Noticed a slave
  2551 | D:4      | Noticed Pikel
  2553 | D:4      | Killed a slave
  2555 | D:4      | Noticed a slave
  2556 | D:4      | Noticed a slave
  2557 | D:4      | Noticed a slave
  2572 | D:4      | Reached XP level 6. HP: 13/48 MP: 9/9
  2577 | D:4      | HP: 1/48 [orc priest/divine providence (13)]
  2899 | D:3      | Noticed Ijyb
  2916 | D:3      | Killed Ijyb
  2975 | D:3      | Paralysed by Grinder for 6 turns
  2980 | D:3      | HP: 1/48 [Grinder (5)]
  2980 | D:3      | Slain by Grinder

Vault maps used:
D:1:      roderic_octagonal_star
D:2:      nicolae_overflow_hidden_temple, first_ration
D:3:      kennysheep_the_goblin_king, chequers_ecumenical_altar_simple,
          uniq_jessica, uniq_ijyb, uniq_grinder
D:4:      overflow_temple_1_default, uniq_pikel

Skill      XL: |  1  2  3  4  5 |
---------------+----------------+-----
Armour         | 2 3 |  3.6
Fighting       | 3 4 |  4.2
Axes           | 3 |  3.8
Dodging        | 3 |  3.7
Spellcasting   | |  2.1
Charms         | |  3.2
Invocations    | |  0.8

Action                   |  1- 3 |  4- 6 || total
-------------------------+-------+-------++-------
Melee: Hand axe          |   135 |   138 ||   273
 Cast: Infusion          |     1 |     4 ||     5
 Abil: Hop               |     1 |     1 ||     2
  Use: Scroll            |     2 |     5 ||     7
       Potion            |       |     4 ||     4
  Eat: Chunk             |     1 |     5 ||     6
       Ration            |       |     1 ||     1
Armor: Leather armour    |    48 |    61 ||   109
Dodge: Dodged            |   107 |    92 ||   199

Table legend:
 A = Spawn XP
 B = Non-spawn XP
 C = Spawn XP percentage of total XP
 D = Spawn monster count
 E = Non-spawn monster count
 F = Spawn count percentage of total count
 G = Total turns spent on level
                    A         B        C        D         E        F      G
               +---------+---------+-------+---------+---------+-------+---------
         Total |       0 |     366 |   0.0 |       0 |      70 |   0.0 |  2980
               +---------+---------+-------+---------+---------+-------+---------
           D:1 |       0 |      62 |   0.0 |       0 |      31 |   0.0 |  1271
           D:2 |       0 |      34 |   0.0 |       0 |      14 |   0.0 |   471
           D:3 |       0 |     133 |   0.0 |       0 |      17 |   0.0 |   931
           D:4 |       0 |     137 |   0.0 |       0 |       8 |   0.0 |   307
               +---------+---------+-------+---------+---------+-------+---------
